 Dungeon Crawl Stone Soup version 0.31.0-11-ge490571c62 (webtiles) character file.

Game seed: 12809284315615908930

2 RepHenryClay the Ducker (level 1, -1/17 HPs)
             Began as a Ghoul Gladiator on Jan 28, 2024.
             Slain by a quokka (3 damage)
             ... on level 1 of the Dungeon.
             The game lasted 00:00:17 (110 turns).

RepHenryClay the Ducker (Ghoul Gladiator)            Turns: 110, Time: 00:00:17

Health: -1/17      AC:  4    Str: 17    XL:     1   Next: 30%
Magic:  1/1        EV: 12    Int:  7    God:
Gold:   0          SH:  0    Dex: 10    Spells: 0/0 levels left

rFire   . . .        a - +0 flail
rCold   + . .        (no shield)
rNeg    + + +        b - +0 leather armour
rPois   ∞            c - +0 helmet
rElec   .            (no cloak)
rCorr   .            (no gloves)
SInv    .            (no boots)
Will    .....        (no amulet)
Stlth   +            (no ring)
HPRegen 0.00/turn    (no ring)
MPRegen 0.07/turn

%: no passive effects
@: attractive, inhibited regen
A: claws 1, cold resistance 1, negative energy resistance 3, inhibited
regeneration, torment resistance 2, devour on kill
a: no special abilities


You were on level 1 of the Dungeon.
You visited 1 branch of the dungeon, and saw 1 of its levels.

Inventory:

Hand Weapons
 a - a +0 flail (weapon)
Missiles
 d - 3 throwing nets (quivered)
 e - a javelin
Armour
 b - a +0 leather armour (worn)
 c - a +0 helmet (worn)
Scrolls
 h - 3 scrolls of noise {unknown}
Potions
 g - a potion of curing {unknown}
 i - a potion of degeneration {unknown}


   Skills:
 + Level 2.2 Fighting
 + Level 2.7 Maces & Flails
 + Level 1.8 Throwing
 + Level 2.7 Dodging


You couldn't memorise any spells.
You didn't know any spells.
Your spell library contained the following spells:

 Spells                   Type           Power      Damage    Failure   Level
 Cigotuvi's Dreadful Rot  Necr/Alch/Air  0%         N/A       65%         2
 Ignite Poison            Fire/Alch      0%         N/A       99%         4
 Freezing Cloud           Conj/Ice/Air   0%         6-21      100%        5


Dungeon Overview and Level Annotations

Branches:
Dungeon (1/15)

Altars:


Innate Abilities, Weirdness & Mutations

You are immune to poison.
You have sharp fingernails.
Your flesh is cold resistant. (rC+)
You are immune to negative energy. (rN+++)
You do not regenerate when monsters are visible.
You are immune to unholy pain and torment.
You thrive by killing the living.


Message History

You miss the quokka.
The quokka is moderately wounded.
The quokka closely misses you.
You completely miss the quokka.
The quokka is moderately wounded.
The quokka bites you.
The quokka bites you but does no damage.
Damage: -11%(-2hp) hp: 48%(8hp)
You barely miss the quokka.
The quokka is moderately wounded.
The quokka misses you.
You barely miss the quokka.
The quokka is moderately wounded.
The quokka barely misses you. The quokka bites you.
* * * LOW HITPOINT WARNING * * *
Huge Dmg: -24%(-4hp) hp: 24%(4hp) Welcome back, RepHenryClay the Ghoul Gladiator.
Press ? for a list of commands and other information.
You barely miss the quokka.
The quokka is moderately wounded.
The quokka barely misses you.
You closely miss the quokka.
The quokka is moderately wounded.
The quokka completely misses you. The quokka bites you.
* * * LOW HITPOINT WARNING * * *
Huge Dmg: -6%(-1hp) hp: 18%(3hp) Welcome back, RepHenryClay the Ghoul Gladiator.
Press ? for a list of commands and other information.
You hit the quokka.
The quokka is heavily wounded.
The quokka bites you.
* * * LOW HITPOINT WARNING * * *
Huge Dmg: -6%(-1hp) hp: 12%(2hp) Welcome back, RepHenryClay the Ghoul Gladiator.
Press ? for a list of commands and other information.
Okay, then.
It was a potion of attraction.
You feel attractive to monsters. The quokka bites you.
You die...

######.## #..###
#....)..# #.....###
#.......# ##......#
#....(..# .......#
#.......# #.....#
#....#.^##
#.....######...#.#..###
#....r##......#...#....
#....@#..#####.....####
#####.....#...........#
............#.........#.
#########...#....<....#.
#..#...........#
##.#####.....####
#.......#...#....
#...##.....#.#..... #)##
###....#....##


You could see a quokka.

Vanquished Creatures
  A giant cockroach (D:1)
  A goblin (D:1)
2 creatures vanquished.

Notes
Turn   | Place    | Note
-------+----------+-------------------------------------------
     0 | D:1      | RepHenryClay the Ghoul Gladiator began the quest for the
                  | Orb.
     0 | D:1      | Reached XP level 1. HP: 17/17 MP: 1/1
   110 | D:1      | Slain by a quokka

Illustrated notes

Levels and vault maps discovered:
D:1:      scummos_arrival_star, layout_rooms

Action                     || total
---------------------------++-------
  Melee: Flail             ||    16
    Use: Potion            ||     1
 Armour: Leather armour    ||    14
  Dodge: Dodged            ||    11
